 Dungeon Crawl Stone Soup version 0.30.1-4-g462c640d31 (webtiles) character file.

Game seed: 5694981780958768686

87336 Gabide the Brawler (level 15, -12/174 HPs)
             Began as a Troll Berserker on Aug 11, 2023.
             Was an Elder of Trog.
             Mangled by Frances
             ... wielding a +0 trident
              (23 damage)
             ... on level 14 of the Dungeon on Aug 12, 2023.
             The game lasted 00:34:31 (17953 turns).

Gabide the Brawler (Troll Berserker)               Turns: 17953, Time: 00:34:32

Health: -12/174    AC: 11    Str: 34    XL:     15   Next: 43%
Magic:  14/14      EV: 10    Int:  7    God:    Trog [****..]
Gold:   1769       SH:  5    Dex:  8    Spells: 14/14 levels left

rFire   + .          .
                       - Unarmed
rCold   . . .        (no shield)
rNeg    . . .        B - +0 troll leather armour
rPois   +            f - +2 hat
rElec   .            H - +2 cloak {rCorr}
rCorr   +            (gloves unavailable)
SInv    +            (boots unavailable)
Will    +++..        d - amulet of reflection Stlth
                     Q - ring of protection from fire
HPRegen 3.09/turn    P - ring of see invisible
MPRegen 0.14/turn

%: reflection
@: silenced, strong-willed (expiring), on berserk cooldown, regenerating
(expiring), slowed, very slow
A: large, unfitting armour, claws 3, regeneration 1, shaggy fur 1, tough skin 1,
clever 1, poison resistance
a: Renounce Religion


You were on level 14 of the Dungeon.
You worshipped Trog.
Trog was greatly pleased with you.
You visited 3 branches of the dungeon, and saw 20 of its levels.
You also visited: Sewer, Ossuary, Bailey and Volcano.

You collected 1899 gold pieces.
You spent 130 gold pieces at shops.

Inventory:

Missiles
 c - 7 boomerangs (quivered)
 m - 8 curare-tipped darts
 x - a throwing net
Armour
 a - +0 acid dragon scales
 f - a +2 hat (worn)
 B - a +0 troll leather armour (worn)
 G - a +2 robe of cold resistance
 H - a +2 cloak of preservation (worn)
Jewellery
 d - an amulet of reflection (around neck)
 k - an amulet of the acrobat
 P - a ring of see invisible (right claw)
 Q - a ring of protection from fire (left claw)
 S - a ring of fire
Wands
 o - a wand of polymorph (6)
 y - a wand of charming (20)
 I - a wand of acid (6)
 J - a wand of iceblast (6)
 R - a wand of flame (11)
 T - a wand of mindburst (7)
Scrolls
 h - 7 scrolls of teleportation
 i - 2 scrolls of blinking
 t - 4 scrolls of poison
 v - 3 scrolls of fear
 C - 5 scrolls of magic mapping
 E - 5 scrolls of vulnerability
 K - 3 scrolls of identify
 L - a scroll of acquirement {unknown}
 N - a scroll of enchant weapon
 O - a scroll of immolation
Potions
 b - 5 potions of might
 e - 5 potions of invisibility
 g - 8 potions of cancellation
 j - 5 potions of attraction
 l - 8 potions of mutation
 n - 3 potions of berserk rage
 p - 10 potions of flight
 q - 3 potions of lignification
 r - 14 potions of curing
 u - 4 potions of brilliance
 w - 3 potions of haste
 z - 5 potions of resistance
 A - 7 potions of ambrosia
 D - a potion of experience {unknown}


   Skills:
 + Level 17.1 Fighting
 - Level 3.0 Armour
 - Level 6.0 Dodging
 - Level 18.0 Unarmed Combat


You had 14 spell levels left.
You didn't know any spells.
Your spell library was empty.

Dungeon Overview and Level Annotations

Branches:
Dungeon (14/15)            Temple (1/1) D:6            Lair (5/5) D:11
  Swamp (0/4) Lair:3       Spider (0/4) Lair:2        Slime (0/5) Lair:4
    Orc (0/2) D:11          Sewer (visited)         Ossuary (visited)
 Bailey (visited)         Volcano (visited)
 Vaults: D:13-14

Altars:
Ashenzari
Cheibriados
Dithmenos
Elyvilon
Fedhas
Gozag
Hepliaklqana
Kikubaaqudgha
Makhleb
Nemelex Xobeh
Okawaru
Qazlal
Ru
Sif Muna
Trog
Uskayaw
Vehumet
Wu Jian
Xom
Yredelemnul
Zin
The Shining One
Jiyva

Shops:
D:6 [   D:13 :

Portals:
Trove: D:11 (give 7 scrolls of blinking)

Annotations:
D:3 exclusion: oklob plant
D:14 Frances


Innate Abilities, Weirdness & Mutations

You are too large for most types of armour.
You have claws for hands.
Your natural rate of healing is unusually fast.
You are covered in fur. (AC +1)
You have tough skin. (AC +1)
Your mind is acute. (Int +4, Str/Dex -1)
Your system is resistant to poisons. (rPois)


Message History

Your ogre completely misses the orange demon.
The orange demon stings you from afar. Frances hits you with a +0 trident!!
* * * LOW HITPOINT WARNING * * *
Okay, then.
Okay, then.
Okay, then.
You're still recovering from your berserk rage.
Okay, then.
As you read the scroll of silence, it crumbles to dust.
A profound silence engulfs you.
You feel sick.
Your ogre barely misses the orange demon.
Frances hits you but does no damage.
The orange demon stings you but does no damage.
Frances hits you with a +0 trident.
* * * LOW HITPOINT WARNING * * *
Your ogre barely misses the orange demon.
The orange demon stings you from afar!
* * * LOW HITPOINT WARNING * * *
You mangle Frances!!
Frances is almost dead.
You feel sick.
You are no longer poisoned.
Frances hits you with a +0 trident!
* * * LOW HITPOINT WARNING * * *
The orange demon stings you from afar.
* * * LOW HITPOINT WARNING * * *
Your ogre hits the orange demon with a +0 giant club!!!
The orange demon dies!
The orange demon disappears in a puff of smoke!
You claw Frances!
Frances is almost dead.
You feel the effects of Trog's Hand fading.
Frances closely misses you. Frances hits you with a +0 trident!!
* * * LOW HITPOINT WARNING * * *
Your ogre misses Frances.
Unknown command.
You barely miss Frances.
Frances is almost dead.
Frances hits you with a +0 trident!!
You die...

.♣ ♣...# .. .P♣...#
.. ♣(♣...# # ♣P?
♣♣.P...# #.P
♣.♣♣PP....# #~~P
....P~~./.#
####~~p.♣♣♣P.~~@O.#
.........(......@.#
......pp..........#
#####..####.......#
#...p...# #.......#
#.......# #####>
####.......#
..................#
..................#


You could see Frances (fast, empowered, ally target), a neutral human
(wandering) and a friendly ogre (summoned, berserk).

Vanquished Creatures
  Kirke (D:14)
  A dire elephant (Lair:5)
  Fannar (D:11)
  2 vault guards (Bailey)
  6 hydras
  4 catoblepae
  3 centaur warriors (D:13)
  2 boulder beetles
  3 two-headed ogres
  3 tengu warriors (D:13)
  A deep troll shaman (Lair:5)
  19 death yaks
  A sun demon (Volcano)
  Nergalle (Lair:2)
  A hell knight (Volcano)
  A fire crab (Lair:5)
  A skyshark (Lair:3)
  2 bog bodies (Lair:3)
  A lindwurm (Lair:4)
  8 ugly things
  A manticore (D:13)
  A cyclops (D:12)
  21 elephants
  2 slime creatures (D:13)
  A torpor snail (Lair:3)
  5 black mambas
  Maurice (D:11)
  3 gargoyles
  11 cane toads
  2 rime drakes
  10 komodo dragons
  An unseen horror (D:11)
  4 kobold demonologists
  A red devil (Volcano)
  A meliai (shapeshifter) (D:8)
  3 meliai (D:14)
  3 trolls
  3 polar bears
  6 hornets
  12 blink frogs
  11 dream sheep
  Sigmund (D:2)
  A vampire (D:12)
  A shadow (D:13)
  2 wraiths (D:12)
  5 humans (Bailey)
  36 yaks
  2 wyverns
  A steam dragon (D:6)
  10 vampire mosquitoes
  4 basilisks
  3 redbacks (Lair:2)
  2 neqoxecs (D:8)
  3 acid dragons
  11 water moccasins
  3 orc warriors
  The ghost of dondy the Shield-Bearer, an amateur TrFi of Cheibriados (D:3)
  3 black bears
  2 ice beasts
  6 ogres
  23 wolves (Lair:5)
  A phantom (D:7)
  5 centaurs
  14 kobold brigands
  A gnoll sergeant (D:5)
  22 bullfrogs
  A scorpion (D:6)
  17 wights
  23 killer bees
  2 electric eels (Lair:4)
  5 howler monkeys
  4 crimson imps (D:8)
  A lava snake (D:9)
  2 hounds
  4 gnoll boudas
  6 orc priests
  A sleepcap (D:6)
  3 iguanas
  17 orc wizards
  A hell rat (Lair:2)
  13 mummies (Ossuary)
  Robin (D:3)
  8 adders
  23 gnolls
  7 river rats (Lair:2)
  A shadow imp (D:6)
  A white imp (D:7)
  An ufetubus (D:6)
  5 worms
  A dart slug (D:1)
  35 orcs
  4 bats
  9 endoplasms
  3 giant cockroaches
  21 goblins
  17 hobgoblins
  3 quokkas
  10 ball pythons
  4 frilled lizards
  2 gnoll skeletons (Ossuary)
  3 goblin skeletons (Ossuary)
  34 kobolds
  2 kobold skeletons (Ossuary)
  An orc skeleton (Ossuary)
  12 rats
  11 rat skeletons (Ossuary)
647 creatures vanquished.

Vanquished Creatures (collateral kills)
  5 death yaks
  The ghost of kulik242 the Nimble, a novice MfIE of Gozag (D:8)
  An ugly thing (D:8)
  A queen bee (Lair:1)
  Prince Ribbit (Bailey)
  A dream sheep (shapeshifter) (D:8)
  2 slime creatures (D:13)
  7 killer bees (Lair:1)
19 creatures vanquished.

Vanquished Creatures (others)
  A centaur (D:9)
  3 killer bees (Lair:1)
4 creatures vanquished.

Grand Total: 670 creatures vanquished

Notes
Turn   | Place    | Note
-------+----------+-------------------------------------------
     0 | D:1      | Gabide the Troll Berserker began the quest for the Orb.
     0 | D:1      | Reached XP level 1. HP: 22/22 MP: 0/0
   241 | D:1      | Reached XP level 2. HP: 29/29 MP: 1/1
   909 | D:2      | Reached ** piety under Trog
   910 | D:2      | Reached XP level 3. HP: 37/37 MP: 2/2
  1316 | D:2      | Noticed Sigmund
  1324 | D:2      | Killed Sigmund
  1325 | D:2      | Reached skill level 4 in Unarmed Combat
  1325 | D:2      | Reached XP level 4. HP: 38/48 MP: 3/3
  1325 | D:2      | Reached XP level 5. HP: 43/54 MP: 4/4
  1399 | D:3      | Found a transporter.
  1400 | D:3      | Noticed an ogre
  1401 | D:3      | Noticed dondy's ghost (amateur TrFi)
  1450 | D:3      | Noticed Robin
  1474 | D:3      | Reached *** piety under Trog
  1483 | D:3      | Killed Robin
  1563 | D:3      | Found a glowing drain.
  1592 | Sewer    | Entered a sewer
  1602 | Sewer    | Reached XP level 6. HP: 62/62 MP: 5/5
  1604 | Sewer    | Reached skill level 5 in Unarmed Combat
  2160 | D:3      | Found a blossoming altar of Fedhas.
  2183 | D:3      | Noticed an oklob plant
  2243 | D:3      | You fall into a shaft and drop 3 floors!
  2243 | D:6      | Found Voamoax's Antique Armour Shop.
  2250 | D:6      | Bought a cloak for 130 gold pieces
  2310 | D:6      | Reached skill level 5 in Fighting
  2310 | D:6      | Reached XP level 7. HP: 52/72 MP: 6/6
  2364 | D:6      | Found a shadowy altar of Dithmenos.
  2384 | D:6      | Reached skill level 6 in Unarmed Combat
  2607 | D:6      | Reached **** piety under Trog
  2750 | D:6      | Found a staircase to the Ecumenical Temple.
  2772 | D:6      | Reached skill level 7 in Unarmed Combat
  2772 | D:6      | Reached XP level 8. HP: 21/83 MP: 7/7
  2846 | D:5      | Entered Level 5 of the Dungeon
  3224 | D:3      | Found a transporter.
  3788 | D:3      | Killed dondy's ghost
  3789 | D:3      | Reached skill level 8 in Unarmed Combat
  4558 | D:5      | Found a stormy altar of Qazlal.
  4783 | D:5      | Reached XP level 9. HP: 72/93 MP: 8/8
  5027 | Temple   | Entered the Ecumenical Temple
  5547 | D:7      | Reached skill level 9 in Unarmed Combat
  5809 | D:7      | Found a white marble altar of Elyvilon.
  5812 | D:7      | Found a snail-covered altar of Cheibriados.
  5898 | D:7      | Found an opulent altar of Gozag.
  6041 | D:7      | Found a glowing silver altar of Zin.
  6041 | D:7      | Noticed an angel
  6128 | D:8      | Found a hazy altar of Hepliaklqana.
  6369 | D:8      | Reached ***** piety under Trog
  6372 | D:8      | Reached skill level 10 in Unarmed Combat
  6455 | D:8      | Found a runed translucent gate.
  6455 | D:8      | Found a runed translucent gate.
  6455 | D:8      | Found a runed translucent gate.
  6455 | D:8      | Noticed a red ugly thing
  6455 | D:8      | Noticed a green ugly thing
  6455 | D:8      | Noticed a purple ugly thing
  6458 | D:8      | Noticed a purple ugly thing
  6485 | D:8      | Found a sand-covered staircase.
  6493 | Ossuary  | Entered an ossuary
  7061 | D:8      | Found a shimmering altar of Xom.
  7244 | D:8      | Found a hide-covered altar of Uskayaw.
  7310 | D:8      | Killed a red ugly thing
  7311 | D:8      | Reached XP level 10. HP: 107/107 MP: 9/9
  7312 | D:8      | Killed a red ugly thing
  7315 | D:8      | Killed a red ugly thing
  7316 | D:8      | Reached skill level 11 in Unarmed Combat
  7318 | D:8      | Killed a red ugly thing
  7347 | D:8      | Found a runed translucent gate.
  7347 | D:8      | Found a runed translucent gate.
  7363 | D:8      | Noticed kulik242's ghost (novice MfIE)
  7364 | D:8      | Found a runed translucent gate.
  7381 | D:8      | Gained mutation: Your body sometimes deteriorates upon
                  | taking damage. [a neqoxec]
  7386 | D:8      | Killed kulik242's ghost
  7387 | D:8      | Reached skill level 10 in Fighting
  7597 | D:9      | Reached skill level 12 in Unarmed Combat
  7669 | D:9      | Noticed a two-headed ogre
  7675 | D:9      | Killed a two-headed ogre
  7676 | D:9      | Reached XP level 11. HP: 102/119 MP: 10/10
  8346 | D:10     | Entered Level 10 of the Dungeon
  8415 | D:10     | Found a flagged portal.
  8424 | D:10     | Received a gift from Trog
  8449 | Bailey   | Entered a bailey
  8567 | Bailey   | Noticed Prince Ribbit
  8567 | Bailey   | Noticed a vault guard
  8571 | Bailey   | Killed Prince Ribbit
  8572 | Bailey   | Reached skill level 5 in Dodging
  8578 | Bailey   | Killed a vault guard
  8621 | Bailey   | Noticed a vault guard
  8628 | Bailey   | Killed a vault guard
  8811 | D:10     | Noticed a two-headed ogre
  9085 | D:10     | Paralysed by a hornet for 2 turns
  9367 | D:10     | Found a radiant altar of Vehumet.
  9374 | D:10     | Found an ancient bone altar of Kikubaaqudgha.
  9383 | D:10     | Found a shimmering blue altar of Sif Muna.
  9434 | D:11     | Found a staircase to the Orcish Mines.
  9479 | D:11     | Reached skill level 1 in Armour
  9479 | D:11     | Reached XP level 12. HP: 130/132 MP: 11/11
  9561 | D:11     | Noticed Fannar
  9562 | D:11     | Noticed Maurice
  9576 | D:11     | Killed Fannar
  9613 | D:11     | Killed Maurice
  9906 | D:11     | Found a portal to a secret trove of treasure.
 10202 | D:11     | Found a staircase to the Lair.
 10391 | D:11     | Lost mutation: Your body sometimes deteriorates upon taking
                  | damage. [potion of mutation]
 10391 | D:11     | Gained mutation: Your mind is acute. (Int +4, Str/Dex -1)
                  | [potion of mutation]
 10391 | D:11     | Gained mutation: Your system is resistant to poisons.
                  | (rPois) [potion of mutation]
 10661 | Lair:1   | Entered Level 1 of the Lair of Beasts
 10681 | Lair:1   | Noticed a four-headed hydra
 10692 | Lair:1   | Killed a nine-headed hydra
 10822 | Lair:1   | Reached skill level 13 in Unarmed Combat
 10951 | Lair:1   | Noticed a catoblepas
 10954 | Lair:1   | Noticed a death yak
 10954 | Lair:1   | Noticed a death yak
 10956 | Lair:1   | Noticed a death yak
 10958 | Lair:1   | Noticed a death yak
 10959 | Lair:1   | Killed a catoblepas
 10959 | Lair:1   | Noticed a death yak
 10959 | Lair:1   | Noticed a death yak
 10972 | Lair:1   | Killed a death yak
 10980 | Lair:1   | Killed a death yak
 11486 | Lair:1   | Killed a death yak
 11489 | Lair:1   | Killed a death yak
 11494 | Lair:1   | Killed a death yak
 11497 | Lair:1   | Killed a death yak
 11747 | Lair:2   | Reached skill level 14 in Unarmed Combat
 11760 | Lair:2   | Reached XP level 13. HP: 92/144 MP: 12/12
 11807 | Lair:2   | Found a hole to the Spider Nest.
 12141 | Lair:2   | Noticed Nergalle
 12156 | Lair:2   | Killed Nergalle
 12624 | Lair:3   | Found a staircase to the Swamp.
 12779 | Lair:3   | Identified the +3 flail of Xucwarapt {flame, Int+2}
 12845 | Lair:3   | Reached skill level 15 in Unarmed Combat
 13413 | Lair:4   | Found a stormy altar of Qazlal.
 13463 | Lair:4   | Found a dark tunnel.
 13472 | Volcano  | Entered a volcano
 14173 | Lair:4   | Reached XP level 14. HP: 100/157 MP: 13/13
 14397 | Lair:4   | Reached skill level 16 in Unarmed Combat
 14403 | Lair:4   | Reached skill level 15 in Fighting
 14413 | Lair:4   | HP: 5/159 [death yak (15)]
 14529 | Lair:4   | Found a staircase to the Slime Pits.
 14530 | Lair:4   | Found a viscous altar of Jiyva.
 14632 | Lair:5   | Entered Level 5 of the Lair of Beasts
 14965 | Lair:5   | Identified the +7 short sword "Mafaca" {flame, rPois rC+
                  | Will+} (Trog gifted it to you on level 5 of the Lair of
                  | Beasts)
 14965 | Lair:5   | Received a gift from Trog
 15007 | Lair:5   | Reached skill level 17 in Unarmed Combat
 15720 | Lair:5   | Reached XP level 15. HP: 99/170 MP: 14/14
 16832 | D:12     | Received a gift from Trog
 17032 | D:13     | Reached skill level 18 in Unarmed Combat
 17604 | D:13     | Found Emmijiot's Book Shop.
 17918 | D:14     | Noticed Kirke
 17925 | D:14     | Killed Kirke
 17934 | D:14     | Noticed Frances
 17952 | D:14     | HP: 8/174 [Frances/+0 trident (24)]
 17953 | D:14     | Mangled by Frances

Illustrated notes

Levels and vault maps discovered:
D:1:      sevenhm_arrival_forest_fort_large_1, layout_basic
D:2:      layout_basic, uniq_sigmund
D:3:      layout_loops_ring, tgw_fedhas, gammafunk_ghost_smash,
          cheibrodos_sewer_entry_bend, serial_co_window_serial,
          co_window_paths_a, co_window_paths_a, co_window_paths_b,
          co_window_paths_a, co_window_corner_a, co_window_unsneaky_path_d,
          co_window_of_opportunity_b, co_window_corner_b, minmay_checkerbox,
          uniq_robin
D:4:      wad_lake_hut, layout_loops_ring, amcnicky_mini_rare_corridor_liquid
D:5:      layout_layer_cave, nicolae_qazlal_scattered_showers,
          roderic_roman_lattice, kennysheep_generic_room_16
D:6:      layout_loops_ring, nicolae_dithmenos_shadow_blocks,
          minmay_temple_entry_trees, serial_shops, shop
D:7:      layout_rooms, mainiacjoe_overflow_catwalk_spiral, zin_angel,
          grunt_gozag_statues
D:8:      layout_basic, amcnicky_altar_gilded, nicolae_uskayaw_suspiria,
          led_xom_imps, chequers_ossuary_entry_cave,
          ploomutoo_gammafunk_ghost_potion_laboratory, reono_crystal_passage
D:9:      minmay_polygon_palace, layout_long_grid, kennysheep_minor_cross
D:10:     layout_small_grid, palyth_temple_overflow_mages, enter_bailey_3
D:11:     layout_loops_ring, lair_entry_dummy, orc_0_dummy, serial_aquarium,
          aquarium_bridge_island_small [aquarium_subvault_small_open,
          aquarium_subvault_bridge, aquarium_subvault_bridge,
          aquarium_subvault_wall, aquarium_subvault_window],
          aquarium_bridge_square [aquarium_subvault_wall,
          aquarium_subvault_window, aquarium_subvault_bridge,
          aquarium_subvault_wall], aquarium_window_fake, aquarium_window_fake,
          aquarium_window_1, aquarium_view_2a, aquarium_view_2c,
          nicolae_trove_entry_columns, uniq_fannar, uniq_maurice
D:12:     layout_loops_cross
D:13:     layout_loops_cross, serial_shops, nicolae_book_shop_shelving,
          kennysheep_generic_room_2
D:14:     nrook_guardian_serpent_snake_passage, layout_small_grid,
          erik_vaults_2, serial_shops, shop, nicolae_elyvilon_peaceful_grove,
          uniq_frances, uniq_kirke
Temple:   nicolae_temple_bog_church
Lair:1:   layout_cave_pods, special_room [special_room_bee], lemuel_fruit_tree
Lair:2:   layout_concentric_octagons, spider_nest_entry_webs,
          chequers_serial_rivers_micro_d, kennysheep_abandoned_house,
          uniq_nergalle
Lair:3:   layout_regular_city, skrybe_swamp_entry_bodies
Lair:4:   layout_roguey, slime_entry_1, nicolae_volcano_entry_vermiform,
          lemuel_altar_in_water2, serial_bayou_shore_a
Lair:5:   grunt_lair_end_beastmaster, layout_small_grid, dreamdust_wasp_nest,
          serial_bayou_shore_b, infiniplex_staircase_pool_2

Skill      XL: |  1  2  3  4  5  6  7  8  9 10 11 12 13 14 15 |
---------------+----------------------------------------------+-----
Fighting       | 3 4 5 6 7 9 10 12 13 14 16 17 | 17.1
Dodging        | 3 6 |  6.0
Unarmed Combat | 4 5 7 8 10 12 14 15 17 18 | 18.0
Armour         | 1 3 |  3.0

Action                     |  1- 3 |  4- 6 |  7- 9 | 10-12 | 13-15 || total
---------------------------+-------+-------+-------+-------+-------++-------
  Melee: Unarmed           |    97 |   104 |   403 |   562 |   737 ||  1903
         Punch             |     1 |     5 |    14 |    30 |    82 ||   132
  Throw: Boomerang         |       |       |     3 |       |     3 ||     6
         Dart              |       |       |     2 |       |     1 ||     3
         Throwing net      |       |       |       |       |     2 ||     2
 Invoke: Berserk           |       |       |     4 |     8 |     6 ||    18
         Trog's Hand       |       |       |     4 |     6 |     7 ||    17
         Brothers in Arms  |       |       |     1 |     4 |     6 ||    11
  Evoke: Wand              |       |       |       |     8 |       ||     8
    Use: Potion            |     1 |       |       |     7 |     2 ||    10
         Scroll            |       |     7 |    16 |     5 |    11 ||    39
   Stab: Sleeping          |     1 |       |       |       |       ||     1
         Distracted        |       |       |       |     1 |       ||     1
         Invisible         |       |       |       |     2 |       ||     2
 Armour: Animal skin       |    40 |    27 |   117 |   159 |       ||   343
         Troll leather arm |       |       |       |   125 |   267 ||   392
  Dodge: Dodged            |    43 |    32 |   156 |   309 |   279 ||   819
  Block: Other             |       |    14 |   100 |   146 |   140 ||   400
         Reflection        |       |     1 |       |     7 |     2 ||    10
